 Dungeon Crawl Stone Soup version 0.21.1-1-g345015f (webtiles) character file.

3283 vatarom the Arsonist (level 9, -1/68 (69) HPs)
             Began as a Demonspawn Fire Elementalist on Mar 25, 2018.
             Was a Follower of Vehumet.
             Shot with a sling bullet by Joseph (11 damage)
             ... on level 7 of the Dungeon.
             The game lasted 00:23:48 (8478 turns).

vatarom the Arsonist (Demonspawn Fire Elementalist) Turns: 8478, Time: 00:23:48

HP:   -1/68 (69)    AC:  3    Str: 10    XL:     9   Next: 69%
MP:   0/17          EV: 12    Int: 22    God:    Vehumet [*.....]
Gold: 383           SH:  0    Dex: 14    Spells: 2/19 levels left

rFire    + . .     SeeInvis .   h - +0 hand axe (protect)
rCold    . . .     Gourm    .   (no shield)
rNeg     . . .     Faith    .   a - +0 robe
rPois    +         Spirit   +   (helmet restricted)
rElec    .         Reflect  .   (no cloak)
rCorr    .         Harm     .   (no gloves)
MR       .....                  e - +0 pair of boots
Stlth    ++........             (no amulet)
HPRegen  0.21/turn              (no ring)
MPRegen  0.15/turn              (no ring)

@: no status effects
A: antennae 1, hooves 1, clever 1, fire resistance 1, poison resistance, spiny
1, strong 1, magic shield
a: Renounce Religion


You were on level 7 of the Dungeon.
You worshipped Vehumet.
Vehumet was aware of your devotion.
You were full.

You visited 2 branches of the dungeon, and saw 9 of its levels.

You collected 383 gold pieces.

Inventory:

Hand Weapons
 h - a +0 hand axe of protection (weapon)
Armour
 a - a +0 robe (worn)
 e - a +0 pair of boots (worn)
Wands
 s - a wand of flame (63)
Scrolls
 f - 4 scrolls of teleportation
 g - 2 scrolls of fear
 j - 4 scrolls of remove curse
 l - 2 scrolls of identify
 n - 3 scrolls of blinking
 q - a scroll of magic mapping
Potions
 d - 6 potions of curing
 i - 2 potions of cancellation
 k - a potion of heal wounds {unknown}
 m - a potion of degeneration {unknown}
 r - a potion of flight
 t - a potion of ambrosia {unknown}
 v - a potion of berserk rage {unknown}
Books
 b - a book of Flames

   Spells                             Type                      Level
   a - Flame Tongue                   Conjuration/Fire             1
   b - Throw Flame                    Conjuration/Fire             2
   c - Conjure Flame                  Conjuration/Fire             3
   d - Inner Flame                    Hexes/Fire                   3
   e - Sticky Flame                   Conjuration/Fire             4
   f - Fireball                       Conjuration/Fire             5
 p - a book of Cantrips

   Spells                             Type                      Level
   a - Confusing Touch                Hexes                        1
   b - Animate Skeleton               Necromancy                   1
   c - Summon Small Mammal            Summoning                    1
   d - Apportation                    Translocation                1
Comestibles
 c - 9 rations
 o - 2 chunks of flesh


   Skills:
 + Level 5.8 Fighting
 - Level 1.7 Dodging
 - Level 1.7 Stealth
 + Level 5.9 Spellcasting
 + Level 6.3 Conjurations
 * Level 8.4 Fire Magic


You had 2 spell levels left.
You knew the following spells:

 Your Spells              Type           Power        Failure   Level  Hunger
a - Flame Tongue          Conj/Fire      #####        1%          1    None
b - Throw Flame           Conj/Fire      #####.       1%          2    None
c - Conjure Flame         Conj/Fire      #####...     1%          3    #......
d - Sticky Flame          Conj/Fire      #####...     4%          4    ###....
e - Fireball              Conj/Fire      #####.....   12%         5    #####..
f - Magic Dart            Conj           ####         1%          1    None
g - Apportation           Tloc           #.....       10%         1    None


Dungeon Overview and Level Annotations

Branches:
Dungeon (8/15)             Temple (1/1) D:5
   Lair: D:8-11

Altars:
Ashenzari
Cheibriados
Dithmenos
Elyvilon
Fedhas
Gozag
Kikubaaqudgha
Nemelex Xobeh
Okawaru
Qazlal
Ru
Sif Muna
Trog
Uskayaw
Vehumet
Wu Jian
Xom
Yredelemnul
Zin
The Shining One

Annotations:
D:7 Joseph; Redear's ghost, novice VSSk
D:8 keltmir's ghost, novice HOFi


Innate Abilities, Weirdness & Mutations

You have a pair of small antennae on your head.
You are partially covered in sharp spines.
When hurt, damage is shared between your health and your magic reserves.
You have large cloven feet.
Your mind is acute. (Int +2)
Your flesh is heat resistant. (rF+)
Your system is resistant to poisons. (rPois)
Your muscles are strong. (Str +2)


Message History

Aim: Joseph, wielding a quarterstaff of holy wrath and wearing a runed leather armour (moderately wounded, covered in liquid flames)
Okay, then.
Casting: Flame Tongue
Confirm with . or Enter, or press ? or * to list all spells.
Aiming: Sticky Flame
Press: ? - help, Shift-Dir - straight line, f/p - Joseph
Aim: Joseph, wielding a quarterstaff of holy wrath and wearing a runed leather armour (moderately wounded, covered in liquid flames)
The sticky flame hits Joseph.
Joseph is heavily wounded.
Joseph is covered in liquid flames!
Joseph burns!
Joseph hits you with a quarterstaff of holy wrath!
* * * LOW HITPOINT WARNING * * *
You convulse!
* * * LOW HITPOINT WARNING * * *
Unknown command.
Joseph burns!
Joseph unwields an uncursed quarterstaff of holy wrath.
It stops glowing.
Joseph wields a hunting sling.
Joseph shoots a sling bullet.
The sling bullet hits you!
You die...

#####...#
##................. #
##..# ##.................
#..# #..................
#####
#..####..................
....#
#..#....................
....##
#......................
.....## ##..#..........
....... ......##
#...#.......... ......
.......####.....@.@......
.....
.........................
....
..)........###...........
.(.)......## #...........
..)#).....# #...........
...#.....## #...........
...#.....# #...........
.####....# #...........
.# ##...#


You could see Joseph (burning).

Vanquished Creatures
  A two-headed ogre (D:8)
  A wyvern (D:8)
  Eustachio (D:6)
  2 ice beasts
  2 phantoms
  2 necrophages (D:5)
  An ogre (D:4)
  A centaur (D:5)
  A big kobold (D:8)
  A gnoll sergeant (D:8)
  4 bullfrogs
  2 scorpions
  A killer bee (D:7)
  3 howler monkeys
  7 crimson imps
  2 jellies
  3 hounds
  A bullfrog skeleton (D:6)
  An iguana (D:5)
  5 worker ants
  A hound skeleton (D:5)
  A worker ant zombie (D:5)
  3 howler monkey skeletons
  13 adders
  10 gnolls
  2 shadow imps
  3 oozes
  An adder zombie (D:6)
  2 adder skeletons (D:4)
  6 worms
  4 dart slugs
  8 leopard geckos
  10 orcs
  A ball python (D:2)
  5 bats
  7 giant cockroaches
  4 goblins
  9 hobgoblins
  4 jackals
  15 kobolds
  4 quokkas
  7 frilled lizards
  A jackal zombie (D:6)
  A leopard gecko skeleton (D:5)
  A leopard gecko zombie (D:6)
  A quokka zombie (D:5)
  5 rats
171 creatures vanquished.

Notes
Turn   | Place    | Note
-------+----------+-------------------------------------------
     0 | D:1      | vatarom the Demonspawn Fire Elementalist began the quest for the Orb.
     0 | D:1      | Reached XP level 1. HP: 13/13 MP: 3/3
   159 | D:1      | Gained mutation: You are partially covered in sharp spines. [demonic ancestry]
   159 | D:1      | Reached XP level 2. HP: 19/19 MP: 3/5
   241 | D:1      | Reached skill level 3 in Fire Magic
   425 | D:1      | Learned a level 2 spell: Throw Flame
   502 | D:1      | Reached XP level 3. HP: 25/25 MP: 1/6
   553 | D:1      | Learned a level 3 spell: Conjure Flame
   865 | D:1      | Reached skill level 1 in Fighting
  1079 | D:2      | Reached XP level 4. HP: 32/32 MP: 4/7
  2199 | D:3      | Gained mutation: When hurt, damage is shared between your health and your magic reserves. [demonic ancestry]
  2199 | D:3      | Reached XP level 5. HP: 37/37 MP: 5/9
  2598 | D:3      | Reached skill level 4 in Fire Magic
  2956 | D:3      | Found a glowing silver altar of Zin.
  3225 | D:4      | Noticed an ogre
  3259 | D:4      | Killed an ogre
  3259 | D:4      | Reached XP level 6. HP: 44/44 MP: 0/10
  3360 | D:4      | Learned a level 4 spell: Sticky Flame
  4079 | D:4      | Found a glowing golden altar of the Shining One.
  4079 | D:4      | Found a shadowy altar of Dithmenos.
  4145 | D:5      | Entered Level 5 of the Dungeon
  4152 | D:5      | Reached skill level 5 in Fire Magic
  4152 | D:5      | Gained mutation: You have a pair of small antennae on your head. [demonic ancestry]
  4152 | D:5      | Reached XP level 7. HP: 45/51 MP: 2/12
  4273 | D:5      | Found a staircase to the Ecumenical Temple.
  4303 | Temple   | Entered the Ecumenical Temple
  4424 | Temple   | Became a worshipper of Vehumet
  4620 | D:5      | Found a shimmering altar of Xom.
  4661 | D:5      | Found a basalt altar of Yredelemnul.
  5008 | D:5      | Found a stormy altar of Qazlal.
  5148 | D:5      | Reached XP level 8. HP: 54/60 MP: 10/14
  5302 | D:5      | Reached skill level 6 in Fire Magic
  5343 | D:6      | Noticed Eustachio
  5456 | D:6      | Killed Eustachio
  5531 | D:6      | Learned a level 5 spell: Fireball
  5533 | D:6      | Found a stormy altar of Qazlal.
  5641 | D:6      | Reached skill level 5 in Conjurations
  5771 | D:6      | Reached * piety under Vehumet
  5771 | D:6      | Offered knowledge of Magic Dart by Vehumet.
  5775 | D:6      | Reached skill level 7 in Fire Magic
  5876 | D:6      | Found a shattered altar of Ashenzari.
  6020 | D:6      | Reached skill level 5 in Spellcasting
  6061 | D:6      | Learned a level 1 spell: Magic Dart
  6456 | D:7      | Noticed Redear's ghost (novice VSSk)
  6860 | D:7      | Reached XP level 9. HP: 66/66 MP: 10/16
  7196 | D:8      | Noticed a two-headed ogre
  7206 | D:8      | Killed a two-headed ogre
  7206 | D:8      | Reached skill level 5 in Fighting
  7253 | D:8      | Reached skill level 8 in Fire Magic
  7465 | D:8      | Learned a level 1 spell: Apportation
  7708 | D:8      | Noticed keltmir's ghost (novice HOFi)
  8191 | D:7      | Gained mutation: Your flesh is cold resistant. (rC+) [potion of mutation]
  8191 | D:7      | Gained mutation: You are agile. (Dex +2) [potion of mutation]
  8191 | D:7      | Gained mutation: Your system is resistant to poisons. (rPois) [potion of mutation]
  8193 | D:7      | Lost mutation: You are agile. (Dex +2) [potion of mutation]
  8193 | D:7      | Lost mutation: Your flesh is cold resistant. (rC+) [potion of mutation]
  8193 | D:7      | Gained mutation: Your muscles are strong. (Str +2) [potion of mutation]
  8193 | D:7      | Gained mutation: Your flesh is heat resistant. (rF+) [potion of mutation]
  8193 | D:7      | Gained mutation: You have large cloven feet. [potion of mutation]
  8193 | D:7      | Gained mutation: Your mind is acute. (Int +2) [potion of mutation]
  8470 | D:7      | Noticed Joseph
  8478 | D:7      | Shot with a sling bullet by Joseph

Skill      XL: |  1  2  3  4  5  6  7  8  9 |
---------------+----------------------------+-----
Fire Magic     | 3 4 5 7 8 |  8.4
Conjurations   | 2 3 4 5 6 |  6.3
Fighting       | 1 2 3 4 5 |  5.8
Spellcasting   | 3 4 5 |  5.9
Dodging        | |  1.7
Stealth        | |  1.7

Action                   |  1- 3 |  4- 6 |  7- 9 || total
-------------------------+-------+-------+-------++-------
Melee: Unarmed           |     5 |     6 |       ||    11
       Hand axe          |       |     6 |   109 ||   115
 Cast: Flame Tongue      |    50 |   113 |   181 ||   344
       Throw Flame       |     2 |     1 |     9 ||    12
       Conjure Flame     |       |     1 |       ||     1
       Sticky Flame      |       |     2 |    13 ||    15
       Fireball          |       |       |     3 ||     3
  Use: Scroll            |       |     2 |    11 ||    13
       Potion            |       |       |     3 ||     3
 Stab: Invisible         |       |       |     1 ||     1
       Sleeping          |       |       |     1 ||     1
  Eat: Chunk             |     1 |     5 |     4 ||    10
       Ration            |       |     3 |     4 ||     7
Armor: Robe              |     1 |     9 |    39 ||    49
Dodge: Dodged            |     8 |    42 |   122 ||   172
